 Dungeon Crawl Stone Soup version 0.29-a0-314-gb00dd7cb4b (console) character file.

Game seed: 12658617445137454110

117691 Ignak the Warrior (level 16, -3/176 HPs)
             Began as an Ogre Warper on Mar 25, 2022.
             Was the Champion of Okawaru.
             Slain by a mana viper (8 damage)
             ... on level 1 of the Snake Pit on Mar 29, 2022.
             The game lasted 02:11:10 (39282 turns).

Ignak the Warrior (Ogre Warper)                    Turns: 39282, Time: 02:11:11

Health: -3/176     AC: 16    Str: 31    XL:     16   Next: 74%
Magic:  14/32      EV: 10    Int:  9    God:    Okawaru [******]
Gold:   1864       SH: 21    Dex:  6    Spells: 8/40 levels left

rFire   . . .      SeeInvis .   g - +7 sceptre of Torment {pain, torment}
rCold   . . .      Faith    .   J - +8 tower shield of the Monk {Rampage rElec Str+4 Dex-2}
rNeg    + . .      Spirit   .   F - +4 troll leather armour
rPois   x          Reflect  .   l - +0 hat of Inference {Rampage Str+2}
rElec   +          Harm     .   z - +2 cloak
rCorr   +          Rampage  +   (gloves unavailable)
Will    +....                   (boots unavailable)
Stlth   +.........              X - amulet of regeneration
HPRegen 1.99/turn               C - ring of wizardry
MPRegen 0.23/turn               q - ring "Bapluwef" {rN+ rCorr EV+4 Int-5 Slay+4}

@: lethally poisoned (-3 -> -46), poison vulnerable, constricted
A: large, unfitting armour, tough skin 1, claws 1, iridescent scales 2
a: Renounce Religion, Heroism, Finesse, Duel


You were on level 1 of the Snake Pit.
You worshipped Okawaru.
Okawaru was exalted by your worship.
You visited 5 branches of the dungeon, and saw 25 of its levels.
You also visited: Volcano.

You collected 3285 gold pieces.
You spent 1421 gold pieces at shops.

Inventory:

Hand Weapons
 a - the +9 whip "Uzarchil" {elec, Dex+5}
   (You bought it in a shop on level 2 of the Orcish Mines)

   It occasionally discharges a powerful burst of electricity upon striking a
   foe.
   Dex:       It affects your dexterity (+5).
 b - a +3 great mace of holy wrath
 g - the +7 sceptre of Torment (weapon) {pain, torment}
   (Okawaru gifted it to you on level 6 of the Lair of Beasts)

   In the hands of one skilled in necromantic magic, it inflicts extra damage on
   living creatures.
   It occasionally torments all nearby living foes when it strikes in combat.
 u - a +1 giant spiked club
Missiles
 h - 6 boomerangs
 G - 37 poisoned darts (quivered)
Armour
 l - the +0 hat of Inference (worn) {Rampage Str+2}
   (Okawaru gifted it to you on level 1 of the Orcish Mines)

   Str:       It affects your strength (+2).
   Rampage:   It bestows one free step when moving towards enemies.
 m - the +1 robe of Gewud {rElec rN+ Will+ Int+2}
   (You found it on level 9 of the Dungeon)

   Int:       It affects your intelligence (+2).
   rElec:     It insulates you from electricity.
   rN:        It protects you from negative energy.
   Will:      It increases your willpower.
 w - a +1 robe of cold resistance
 z - a +2 cloak (worn)
 E - +0 ice dragon scales
 F - a +4 troll leather armour (worn)
 J - the +8 tower shield of the Monk (worn) {Rampage rElec Str+4 Dex-2}
   (Okawaru gifted it to you on level 13 of the Dungeon)

   Str:       It affects your strength (+4).
   Dex:       It affects your dexterity (-2).
   rElec:     It insulates you from electricity.
   Rampage:   It bestows one free step when moving towards enemies.
 P - a +2 robe of willpower
 Y - a +0 cloak of stealth
Jewellery
 f - a ring of see invisible
 j - a ring of poison resistance
 q - the ring "Bapluwef" (right claw) {rN+ rCorr EV+4 Int-5 Slay+4}
   (You acquired it on level 10 of the Dungeon)

   [ring of evasion]

   EV:        It affects your evasion (+4).
   Int:       It affects your intelligence (-5).
   Slay:      It affects your accuracy & damage with ranged weapons and melee
   (+4).
   rN:        It protects you from negative energy.
   rCorr:     It protects you from acid and corrosion.
 v - a +4 ring of protection
 y - a +4 ring of slaying
 B - an amulet of the acrobat
 C - a ring of wizardry (left claw)
 U - a +4 ring of protection
 X - an amulet of regeneration (around neck)
Wands
 r - a wand of flame (55)
 A - a wand of iceblast (14)
 D - a wand of polymorph (6)
 K - a wand of paralysis (21)
 S - a wand of digging (2)
 Z - a wand of mindburst (14)
Scrolls
 c - 6 scrolls of noise
 i - 14 scrolls of teleportation
 p - a scroll of magic mapping
 s - a scroll of silence
 x - 3 scrolls of blinking
 I - 8 scrolls of identify
 L - a scroll of fear
 M - a scroll of enchant weapon
 V - a scroll of fog
Potions
 e - a potion of resistance
 k - a potion of cancellation
 n - 6 potions of curing
 o - 4 potions of flight
 t - 3 potions of mutation
 H - 3 potions of heal wounds
 N - 3 potions of magic
 Q - 5 potions of brilliance
 R - 2 potions of lignification
 W - 2 potions of might
Miscellaneous
 d - a tin of tremorstones (2/2)


   Skills:
 + Level 15.1 Fighting
 + Level 13.6 Maces & Flails
 - Level 1.0 Throwing
 - Level 3.0 Armour
 + Level 11.0 Dodging
 * Level 8.6 Shields
 - Level 1.1 Unarmed Combat
 + Level 12.7 Spellcasting
 * Level 3.3 Necromancy
 + Level 11.1 Translocations
 - Level 6.0 Ice Magic


You had 8 spell levels left.
You knew the following spells:

 Your Spells              Type           Power      Damage    Failure   Level
a - Teleport Other        Tloc           25%        N/A       1%          3
b - Blink                 Tloc           50%        N/A       1%          2
c - Vampiric Draining     Necr           11%        2d6       16%         3
d - Swiftness             Air            5%         N/A       52%         3
e - Dispersal             Tloc           12%        N/A       32%         6
f - Frozen Ramparts       Ice            32%        1d5       6%          3
g - Passwall              Tmut/Erth      4%         N/A       32%         2
h - Passage of Golubria   Tloc           25%        N/A       2%          4
i - Slow                  Hex            20%        N/A       22%         1
z - Manifold Assault      Tloc           25%        N/A       6%          5

Your spell library contained the following spells:

 Spells                   Type           Power      Damage    Failure   Level
 Freeze                   Ice            64%        1d8       1%          1
 Gell's Gravitas          Tloc           25%        N/A       1%          3
 Lesser Beckoning         Tloc           25%        N/A       1%          3
 Pain                     Necr           44%        1d6       6%          1
 Sublimation of Blood     Necr           11%        N/A       9%          2
 Ensorcelled Hibernation  Hex/Ice        22%        N/A       10%         2
 Iskenderun's Mystic Bla  Conj/Tloc      15%        2d5       22%         4
 Scorch                   Fire           10%        2d6       32%         2
 Confusing Touch          Hex            5%         N/A       52%         3
 Inner Flame              Hex/Fire       5%         N/A       52%         3
 Stone Arrow              Conj/Erth      10%        3d7       52%         3
 Hailstorm                Conj/Ice       11%        3d5       52%         4
 Agony                    Necr           11%        N/A       80%         5
 Excruciating Wounds      Necr           5%         N/A       80%         5
 Cause Fear               Hex            2%         N/A       89%         4
 Flame Wave               Conj/Fire      5%         2d5       89%         4
 Fulminant Prism          Conj/Hex       2%         3d6       89%         4
 Petrify                  Tmut/Erth      5%         N/A       89%         4
 Borgnjor's Vile Clutch   Necr/Erth      4%         N/A       95%         5
 Alistair's Intoxication  Tmut/Pois      3%         N/A       99%         5
 Irradiate                Conj/Tmut      2%         3d14      99%         5
 Iskenderun's Battlesphe  Conj           5%         2d6       99%         5
 Lee's Rapid Deconstruct  Erth           2%         3d6*      99%         5
 Yara's Violent Unravell  Hex/Tmut       2%         3d3       99%         5
 Eringya's Noxious Bog    Tmut/Pois      2%         N/A       100%        6
 Iron Shot                Conj/Erth      2%         9d2       100%        6
 Discord                  Hex            2%         N/A       100%        8
 Lehudib's Crystal Spear  Conj/Erth      2%         10d2      100%        8
 Tukima's Dance           Hex            Unusable   N/A       N/A         3
 Animate Armour           Summ/Erth      Unusable   N/A       N/A         4
 Summon Cactus Giant      Summ           Unusable   N/A       N/A         6
 Spellforged Servitor     Conj/Summ      Unusable   N/A       N/A         7

Dungeon Overview and Level Annotations

Branches:
Dungeon (15/15)            Temple (1/1) D:6            Lair (6/6) D:11
  Swamp (0/4) Lair:4        Snake (1/4) Lair:3        Slime (0/5) Lair:6
    Orc (2/2) D:10            Elf (0/3) Orc:2        Vaults (0/5) D:13
 Depths (0/4) D:15        Volcano (visited)

Altars:
Ashenzari
Dithmenos
Elyvilon
Fedhas
Gozag
Hepliaklqana
Kikubaaqudgha
Nemelex Xobeh
Okawaru
Qazlal
Ru
Sif Muna
Trog
Uskayaw
Vehumet
Xom
Yredelemnul
Zin
The Shining One
Beogh

Shops:
D:6 *   D:9 [   D:10 *   D:12 (   D:13 (   Orc:2 !(*!


Innate Abilities, Weirdness & Mutations

You are too large for most types of armour.
You have tough skin. (AC +1)
You have sharp fingernails.
You are mostly covered in iridescent scales. (AC +4)


Message History

The anaconda is no longer moving slowly.
You are more poisoned.
The naga ritualist mumbles some strange prayers to its god against you.
You feel yourself grow more vulnerable to poison.
The naga ritualist invokes the aid of its god against you.
You easily resist.
You feel sick.
You are more poisoned. x2
The naga ritualist calls down the wrath of its god upon you.
You easily resist.
You feel very sick.
You are more poisoned. x2
The naga ritualist's toxic aura wanes.
The naga mage spits poison at you. The splash of poison hits you!
You are more poisoned.
* * * LOW HITPOINT WARNING * * *
The naga ritualist mumbles some strange prayers to its god.
The naga ritualist begins to radiate toxic energy.
* * * LOW HITPOINT WARNING * * *
You are more poisoned.
Blink to where?
Press: ? - help, Dir - move target
As you read the scroll of blinking, it crumbles to dust.
You feel stable enough to blink again.
You feel extremely sick.
* * * LOW HITPOINT WARNING * * *
You are more poisoned.
* * * LOW HITPOINT WARNING * * *
You are more poisoned.
The mana viper is no longer moving slowly.
You block the anaconda's attack. x2
The naga ritualist hits you from afar with a +0 trident!
* * * LOW HITPOINT WARNING * * *
The mana viper bites you but does no damage.
The anaconda grabs you. The anaconda bites you!
* * * LOW HITPOINT WARNING * * *
The anaconda constricts you.
* * * LOW HITPOINT WARNING * * *
The mana viper bites you!
You die...

.... ..# ..# #
#.######..##.
###...ยง.......
#.SS...##..... .
##SSN..## ..#
....##.SS.N..# #
........@N....#
.........S....#
......#.......#
......#........#
......##........
#..#. #.#.....#
###.. ..#.....#
.....#..#


You could see 2 anacondas, 2 naga ritualists, 3 mana vipers, 2 black mambas and
a naga mage (fast).

Vanquished Creatures
  An orc warlord (D:10)
  Snorg (D:11)
  Fannar (D:11)
  4 boulder beetles
  13 hydras
  A centaur warrior (D:14)
  An ice dragon (Lair:6)
  3 ogre magi
  16 two-headed ogres
  A death knight (D:12)
  7 death yaks
  An anaconda (Lair:6)
  A tengu warrior (D:15)
  2 orc high priests (Orc:1)
  Nergalle (D:11)
  Sonja (D:11)
  Lodul (D:14)
  A death drake (shapeshifter) (D:15)
  3 deep trolls
  4 orc knights
  A necromancer (Lair:5)
  Pikel (D:3)
  5 lindwurms
  An orc sorcerer (Arena)
  A wolf spider (D:15)
  13 ugly things
  A deep elf pyromancer (D:12)
  4 manticores
  4 cyclopes
  An ice statue (Lair:3)
  16 elephants
  6 black mambas
  A guardian serpent (shapeshifter) (D:15)
  A naga mage (D:15)
  Maurice (D:13)
  7 torpor snails
  A toenail golem (Volcano)
  3 molten gargoyles (Volcano)
  2 gargoyles (D:12)
  11 cane toads
  2 unseen horrors
  10 komodo dragons
  A freezing wraith (Lair:3)
  3 rime drakes
  4 kobold demonologists (D:12)
  2 tengu conjurers
  2 efreet (Volcano)
  A yaktaur (D:12)
  16 trolls
  A meliai (D:12)
  A meliai (shapeshifter) (D:14)
  6 hornets (Lair:6)
  3 raiju (Lair:6)
  4 tyrant leeches
  11 polar bears
  13 slime creatures
  12 blink frogs
  A jumping spider (shapeshifter) (D:15)
  3 shadows
  A wyvern (shapeshifter) (D:15)
  52 yaks
  6 wraiths
  2 vampires (D:13)
  5 fire elementals (Volcano)
  13 wyverns
  13 basilisks
  2 steam dragons
  15 vampire mosquitoes
  2 nagas (Lair:3)
  Menkaure (D:7)
  A swamp worm (Lair:4)
  4 wargs (Lair:6)
  4 acid dragons
  13 water moccasins
  Duvessa (D:4)
  15 hell hounds
  19 orc warriors
  An elephant zombie (Lair:5)
  26 ogres
  3 sky beasts
  17 black bears
  12 ice beasts
  3 boggarts (D:14)
  25 wolves
  3 centaurs
  3 lemures (D:4)
  4 kobold brigands
  Blork the orc (D:5)
  8 bullfrogs
  2 earth elementals (Volcano)
  A gnoll sergeant (Orc:1)
  A necrophage (D:8)
  4 scorpions
  7 wights
  Dowan (D:4)
  8 killer bees
  A howler monkey (D:11)
  3 electric eels (Lair:5)
  A lava snake (D:10)
  A basilisk zombie (Lair:5)
  15 jellies
  2 hounds
  A gnoll shaman (D:8)
  8 orc priests
  An iguana (Lair:4)
  12 orc wizards
  11 gnolls
  4 adders
  A shadow imp (D:7)
  6 white imps
  A worm (D:2)
  71 orcs
  15 endoplasms
  4 giant cockroaches
  7 goblins
  5 hobgoblins
  2 jackals (D:4)
  5 quokkas
  4 ball pythons
  12 bats
  3 frilled lizards
  19 kobolds
  3 rats
  3 fire vortices (Volcano)
761 creatures vanquished.

Vanquished Creatures (others)
  An orc wizard (D:13)
  An orc (D:6)
  A bush (Lair:6)
  66 fungi
  93 plants
  6 toadstools (D:3)
168 creatures vanquished.

Grand Total: 929 creatures vanquished

Notes
Turn   | Place    | Note
-------+----------+-------------------------------------------
     0 | D:1      | Ignak the Ogre Warper began the quest for the Orb.
     0 | D:1      | Reached XP level 1. HP: 22/22 MP: 3/3
   456 | D:1      | Reached XP level 2. HP: 29/29 MP: 5/5
   465 | D:1      | Learned a level 2 spell: Blink
   752 | D:1      | Reached skill level 3 in Fighting
  1229 | D:1      | Found a faded altar of an unknown god.
  1339 | D:2      | Reached XP level 3. HP: 36/37 MP: 7/7
  1573 | D:2      | Learned a level 3 spell: Teleport Other
  2266 | D:2      | Reached XP level 4. HP: 40/45 MP: 8/8
  2744 | D:3      | Found a bloodstained altar of Trog.
  2884 | D:3      | Found a sacrificial altar of Ru.
  2891 | D:3      | Found a shimmering altar of Xom.
  3494 | D:3      | Reached XP level 5. HP: 46/54 MP: 9/9
  3967 | D:3      | Learned a level 5 spell: Manifold Assault
  4285 | D:4      | Noticed Duvessa
  4285 | D:4      | Noticed Pikel
  4285 | D:4      | Noticed a lemure
  4285 | D:4      | Noticed a lemure
  4285 | D:4      | Noticed a lemure
  4285 | D:4      | Noticed a lemure
  4285 | D:4      | Noticed a black bear
  4288 | D:4      | Noticed Dowan
  6093 | D:4      | Reached skill level 4 in Fighting
  6099 | D:5      | Entered Level 5 of the Dungeon
  6745 | D:4      | Reached XP level 6. HP: 51/62 MP: 11/11
  7349 | D:5      | Found a stormy altar of Qazlal.
  7401 | D:5      | Learned a level 1 spell: Slow
  7711 | D:5      | Found a blossoming altar of Fedhas.
  7865 | D:5      | Reached skill level 1 in Unarmed Combat
  8209 | D:5      | Reached XP level 7. HP: 65/71 MP: 12/12
  8917 | D:3      | Killed Pikel
  8918 | D:3      | Reached skill level 5 in Fighting
  8918 | D:3      | Reached XP level 8. HP: 76/81 MP: 2/14
  9395 | D:4      | Reached skill level 5 in Maces & Flails
  9765 | D:4      | Killed Duvessa
  9768 | D:4      | Killed Dowan
 10184 | D:5      | Gained mutation: You have sharp fingernails. [potion of
                  | mutation]
 10184 | D:5      | Gained mutation: You are partially covered in iridescent
                  | scales. (AC +2) [potion of mutation]
 10184 | D:5      | Gained mutation: You are mostly covered in iridescent
                  | scales. (AC +4) [potion of mutation]
 10277 | D:6      | Learned a level 3 spell: Frozen Ramparts
 10288 | D:6      | Found a glowing silver altar of Zin.
 10288 | D:6      | Found a white marble altar of Elyvilon.
 10288 | D:6      | Found a glowing golden altar of the Shining One.
 10308 | D:6      | Reached skill level 6 in Fighting
 10308 | D:6      | Reached skill level 5 in Spellcasting
 10318 | D:6      | Reached skill level 1 in Ice Magic
 11099 | D:5      | Reached XP level 9. HP: 72/88 MP: 16/16
 11191 | D:6      | Noticed Blork the orc
 11581 | D:5      | Killed Blork the orc
 11668 | D:6      | Reached skill level 5 in Translocations
 11686 | D:6      | Learned a level 3 spell: Swiftness
 11770 | D:6      | Found a staircase to the Ecumenical Temple.
 11779 | Temple   | Entered the Ecumenical Temple
 11844 | Temple   | Became a worshipper of Warmaster Okawaru
 11923 | D:6      | Found Lokaut's Elemental Accessories.
 11977 | D:6      | Found a radiant altar of Vehumet.
 11977 | D:6      | Found a sparkling altar of Nemelex Xobeh.
 12207 | D:7      | Noticed Menkaure
 12216 | D:7      | Killed Menkaure
 12389 | D:7      | Found a basalt altar of Yredelemnul.
 12583 | D:7      | Reached skill level 7 in Fighting
 12840 | D:8      | Reached * piety under Okawaru
 12841 | D:8      | Reached skill level 5 in Dodging
 13424 | D:8      | Found a shimmering blue altar of Sif Muna.
 13537 | D:9      | Identified the +1 robe of Gewud {rElec rN+ Will+ Int+2}
 13616 | D:9      | Reached XP level 10. HP: 79/102 MP: 16/19
 13618 | D:9      | Reached ** piety under Okawaru
 13633 | D:9      | Found Veucvoe's Armour Boutique.
 14660 | D:9      | Reached skill level 8 in Fighting
 14885 | D:10     | Entered Level 10 of the Dungeon
 14885 | D:10     | Noticed a two-headed ogre
 14895 | D:10     | Killed a two-headed ogre
 14953 | D:10     | Found Ekhuq's Assorted Antiques.
 15111 | D:10     | Bought a jewelled fustibalus for 460 gold pieces
 15111 | D:10     | Identified the +1 fustibalus of the Arena {vorpal, rF+
                  | Dex+2} (You bought it in a shop on level 10 of the Dungeon)
 15144 | D:10     | Found a staircase to the Orcish Mines.
 15845 | D:10     | Reached *** piety under Okawaru
 16005 | D:10     | Reached XP level 11. HP: 113/113 MP: 18/22
 16039 | D:10     | Reached skill level 9 in Fighting
 16894 | D:11     | Noticed Sonja
 16912 | D:11     | Killed Sonja
 16912 | D:11     | Reached **** piety under Okawaru
 17199 | D:11     | Noticed Nergalle
 17231 | D:11     | Killed Nergalle
 17772 | D:11     | Found a staircase to the Lair.
 17773 | D:11     | Noticed Fannar
 17793 | D:11     | Killed Fannar
 17802 | D:11     | Reached ***** piety under Okawaru
 17803 | D:11     | Reached skill level 1 in Armour
 17907 | D:11     | Noticed Snorg
 17929 | D:11     | HP: 4/117 [Snorg (3)]
 17931 | D:11     | Killed Snorg
 17932 | D:11     | Reached skill level 10 in Fighting
 18371 | D:11     | You fall into a shaft and drop 1 floor!
 18371 | D:12     | Found Basser's Weapon Shoppe.
 18390 | D:12     | Found a large runed translucent door.
 18391 | D:12     | Found a large runed translucent door.
 18391 | D:12     | Noticed a boulder beetle
 19454 | D:11     | Found a hazy altar of Hepliaklqana.
 19455 | D:11     | Found a faded altar of an unknown god.
 19455 | D:11     | Found a faded altar of an unknown god.
 19747 | Orc:1    | Entered Level 1 of the Orcish Mines
 19747 | Orc:1    | Noticed an orc warlord
 19747 | Orc:1    | Noticed an orc knight
 19770 | D:10     | Reached XP level 12. HP: 100/126 MP: 17/24
 20578 | D:9      | Reached skill level 10 in Maces & Flails
 20714 | D:10     | Identified a scroll of acquirement
 20719 | D:10     | Acquired the ring "Bapluwef" {rN+ rCorr EV+4 Int-5 Slay+4}
 20944 | D:10     | Killed an orc warlord
 21328 | Orc:1    | Received a gift from Okawaru
 21809 | Orc:1    | Noticed an orc high priest
 22002 | Orc:1    | Killed an orc high priest
 22400 | Orc:2    | Entered Level 2 of the Orcish Mines
 22693 | Orc:2    | Noticed a two-headed ogre
 22696 | Orc:2    | Noticed an ogre mage
 22928 | Orc:2    | Noticed a two-headed ogre
 22928 | Orc:2    | Noticed a two-headed ogre
 22928 | Orc:2    | Noticed a two-headed ogre
 22928 | Orc:2    | Found a staircase to the Elven Halls.
 22928 | Orc:2    | Noticed an ogre mage
 22928 | Orc:2    | Noticed a two-headed ogre
 23230 | Orc:1    | Paralysed by an ogre mage for 3 turns
 23240 | Orc:1    | Noticed an orc high priest
 23396 | Orc:1    | Killed an ogre mage
 23397 | Orc:1    | Reached skill level 11 in Fighting
 23474 | Orc:1    | Killed a two-headed ogre
 24172 | Orc:1    | Identified the +0 hat of Inference {Rampage Str+2} (Okawaru
                  | gifted it to you on level 1 of the Orcish Mines)
 24172 | Orc:1    | Received a gift from Okawaru
 24476 | Orc:1    | Killed a two-headed ogre
 24610 | Orc:1    | Killed a two-headed ogre
 24611 | Orc:1    | Reached XP level 13. HP: 79/137 MP: 20/26
 24900 | Orc:2    | Paralysed by an orc sorcerer for 6 turns
 25097 | Orc:1    | Learned a level 6 spell: Dispersal
 25100 | Orc:1    | Learned a level 2 spell: Passwall
 25146 | Orc:1    | Reached skill level 10 in Spellcasting
 25328 | Orc:2    | Found Aboteown's Distillery.
 25452 | Arena    | Entered the Arena
 25658 | Orc:1    | Reached skill level 12 in Fighting
 25825 | Orc:2    | Found Haxyerhe's Weapon Shoppe.
 25830 | Orc:2    | Found Yxob's General Store.
 25831 | Orc:2    | Found Eruklukh's Distillery.
 26464 | Orc:2    | Bought the +9 whip "Uzarchil" {elec, Dex+5} for 961 gold
                  | pieces
 26547 | Lair:1   | Entered Level 1 of the Lair of Beasts
 27074 | D:12     | Found a large runed translucent door.
 27074 | D:12     | Found a large runed translucent door.
 27196 | D:12     | Reached XP level 14. HP: 102/150 MP: 26/28
 27729 | D:13     | Identified the +8 tower shield of the Monk {Rampage rElec
                  | Str+4 Dex-2} (Okawaru gifted it to you on level 13 of the
                  | Dungeon)
 27729 | D:13     | Received a gift from Okawaru
 27849 | D:13     | Found an ancient bone altar of Kikubaaqudgha.
 27919 | D:13     | Reached skill level 1 in Shields
 28020 | D:13     | Found a gate to the Vaults.
 28053 | D:13     | Found Xulegydd's Weapon Shop.
 28212 | D:13     | Noticed Maurice
 28220 | D:13     | Killed Maurice
 28613 | D:14     | Reached skill level 5 in Ice Magic
 28697 | D:14     | Found a sacrificial altar of Ru.
 28720 | D:14     | Reached skill level 13 in Fighting
 28806 | D:14     | Noticed Lodul
 28817 | D:14     | Killed Lodul
 30170 | D:15     | Entered Level 15 of the Dungeon
 30192 | D:15     | Reached ****** piety under Okawaru
 30265 | D:15     | Found a sparkling altar of Nemelex Xobeh.
 30456 | D:15     | Received a gift from Okawaru
 30523 | D:15     | Found a staircase to the Depths.
 31060 | D:15     | Reached skill level 10 in Translocations
 31073 | D:15     | Reached XP level 15. HP: 143/161 MP: 24/30
 31113 | D:15     | Learned a level 4 spell: Passage of Golubria
 31505 | Lair:1   | Reached skill level 5 in Shields
 31516 | Lair:1   | Received a gift from Okawaru
 32057 | Lair:2   | Reached skill level 10 in Dodging
 32798 | Lair:3   | Found a staircase to the Snake Pit.
 32945 | Lair:3   | Reached skill level 14 in Fighting
 34228 | Lair:4   | Upgraded the game from 0.29-a0-303-ge4682ce883 to
                  | 0.29-a0-314-gb00dd7cb4b
 35260 | Lair:4   | Found a staircase to the Swamp.
 35808 | Lair:5   | Received a gift from Okawaru
 36573 | Lair:6   | Entered Level 6 of the Lair of Beasts
 36587 | Lair:6   | Found a dark tunnel.
 36592 | Volcano  | Entered a volcano
 36705 | Volcano  | Reached XP level 16. HP: 100/174 MP: 6/32
 37315 | Lair:6   | Received a gift from Okawaru
 37661 | Lair:6   | Received a gift from Okawaru
 37661 | Lair:6   | Found the +7 sceptre of Torment {pain, torment}
 37711 | Lair:6   | Reached skill level 1 in Necromancy
 37987 | Lair:6   | Learned a level 3 spell: Vampiric Draining
 38048 | Lair:6   | Identified the +1 leather armour of Ignis's Condemnation
                  | {rPois}
 38081 | Lair:6   | Reached skill level 15 in Fighting
 38167 | Lair:6   | Found a runed translucent door.
 38767 | Lair:6   | Found a staircase to the Slime Pits.
 39270 | Snake:1  | Entered Level 1 of the Snake Pit
 39282 | Snake:1  | HP: 6/176 [anaconda (12)]
 39282 | Snake:1  | Slain by a mana viper

Illustrated notes

Levels and vault maps discovered:
D:1:      wander_arrival_chamber, layout_basic,
          dreamdust_ecumenical_altar_hidden_monk_grotto, minmay_split_cup_small
D:2:      minmay_inner_zag, layout_rooms, chequers_arboretum,
          chequers_serial_rivers_small_b, kennysheep_cross_room
D:3:      cheibrodos_fertilizer, layout_basic, mainiacjoe_overflow_alcove_2,
          minitemple, serial_co_window_serial, co_window_corner_a,
          co_window_cross_1, co_window_paths_a, co_window_of_opportunity_a,
          co_window_corner_a, co_window_paths_a, co_window_unsneaky_path_a,
          co_window_paths_c, co_window_broadway_b, co_window_corner_ca,
          co_window_of_opportunity_c, co_window_corner_b, glass_columns_c,
          glass_columns_a, glass_columns_a
D:4:      layout_loops_ring, uniq_duvessa, uniq_pikel
D:5:      layout_loops_ring, grunt_temple_overflow_forces_of_nature
D:6:      layout_rooms, good_gods_mini_temple, gammafunk_temple_overflow_wave,
          minmay_temple_entry_water_ring, nicolae_elemental_shop,
          uniq_blork_the_orc
D:7:      layout_cave_pools, kennysheep_little_box, uniq_menkaure
D:8:      layout_cave_pools, lemuel_blue_sif_altar, dk_rats_in_the_wall
D:9:      layout_rooms, serial_shops, nicolae_shop_competitors_out_of_business
D:10:     layout_irregular_city, david_orc_5, serial_shops,
          nicolae_inconvenience_store
D:11:     layout_basic, due_lair_maze_entry_diamond,
          nicolae_hepliaklqana_ecumenical_no_more, uniq_fannar, uniq_nergalle,
          uniq_sonja, uniq_snorg
D:12:     layout_basic, serial_shops, shop, minmay_hollow_rounded_squares
D:13:     dreamdust_cave_troll, layout_irregular_city, david_vaults_4,
          serial_shops, nicolae_shop_bloodbath_and_beyond,
          kiku_gazebo_garden_becter, uniq_maurice
D:14:     minmay_spotlight, layout_irregular_city,
          hangedman_decor_diamond_cutter, st_stairs_5,
          nicolae_ru_sacrificial_ziggurat, uniq_lodul
D:15:     hangedman_depths_entry_try_elsewhere_first, layout_irregular_city,
          nemelex_xobeh_ov_fountains_minmay
Temple:   dpeg_chambers_temple
Lair:1:   layout_misc_corridors, grunt_forest_stairs_basic
Lair:2:   layout_roguey
Lair:3:   layout_gridlike, guppyfry_snake_entry_island, ice2_lemuel
Lair:4:   layout_long_grid, palyth_hydra_swamp_entry, special_room
          [special_room_mythical_zoo], chequers_serial_rivers_micro_c,
          lookout_lair_type, small_statue_intersection, serial_bayou_crossing
Lair:5:   pond_and_an_island_with_a_cottage, layout_small_grid
Lair:6:   hangedman_lair_caniforms_friends, layout_regular_city, wormcave,
          minmay_slime_entry_jelly_boxes, enter_volcano_4, grunt_megastairs_4,
          infiniplex_staircase_pool
Snake:1:  layout_chambers
Orc:1:    layout_diamond_mine
Orc:2:    st_orc_open, layout_caves

Skill      XL: |  1  2  3  4  5  6  7  8  9 10 11 12 13 14 15 16 |
---------------+-------------------------------------------------+-----
Maces & Flails | 2 3 4 5 7 8 9 11 12 13 | 13.6
Fighting       | 3 4 5 6 7 8 10 11 12 13 14 15 | 15.1
Translocations | 3 4 5 6 7 8 9 10 11 | 11.1
Spellcasting   | 3 4 5 6 7 8 9 10 11 12 | 12.7
Dodging        | 3 4 5 6 7 8 9 10 11 | 11.0
Unarmed Combat | 1 |  1.1
Ice Magic      | 1 3 4 5 6 |  6.0
Armour         | 2 3 |  3.0
Shields        | 4 7 8 |  8.6
Necromancy     | 3 |  3.3
Throwing       | |  1.0

Action                   |  1- 3 |  4- 6 |  7- 9 | 10-12 | 13-15 | 16-18 || total
-------------------------+-------+-------+-------+-------+-------+-------++-------
Melee: Mace              |   131 |   125 |   203 |   597 |   200 |       ||  1256
       Whip              |       |    79 |       |    15 |  1224 |   191 ||  1509
       Flail             |       |       |       |    14 |       |       ||    14
       Giant spiked club |       |       |       |       |     4 |       ||     4
       Punch             |       |       |       |       |     1 |       ||     1
       Eveningstar       |       |       |       |       |       |   255 ||   255
Throw: Dart              |       |    24 |    15 |    11 |     4 |       ||    54
       Boomerang         |       |     7 |       |       |       |       ||     7
 Cast: Blink             |       |    19 |     9 |    31 |    32 |     1 ||    92
       Teleport Other    |       |     3 |       |    11 |       |       ||    14
       Slow              |       |     4 |    19 |     4 |       |       ||    27
       Frozen Ramparts   |       |       |    10 |    32 |    75 |    24 ||   141
       Manifold Assault  |       |       |       |    11 |    65 |    16 ||    92
       Passwall          |       |       |       |       |     5 |       ||     5
       Swiftness         |       |       |       |       |     2 |       ||     2
       Passage of Golubr |       |       |       |       |     6 |       ||     6
       Dispersal         |       |       |       |       |     1 |       ||     1
       Vampiric Draining |       |       |       |       |       |     2 ||     2
Invok: Heroism           |       |       |       |    27 |    13 |     1 ||    41
       Finesse           |       |       |       |     1 |       |       ||     1
       Duel              |       |       |       |       |     1 |       ||     1
Evoke: Wand              |       |     3 |     7 |     7 |     8 |       ||    25
  Use: Scroll            |       |     3 |    13 |    11 |    17 |     1 ||    45
       Potion            |       |     2 |     5 |     5 |       |     1 ||    13
 Stab: Distracted        |       |       |       |     1 |       |       ||     1
Armor: Robe              |    64 |    40 |    74 |   116 |       |       ||   294
       Acid dragon scale |       |       |       |   146 |       |       ||   146
       Troll leather arm |       |       |       |     2 |   291 |   143 ||   436
Dodge: Dodged            |    92 |    87 |   115 |   567 |   727 |   173 ||  1761
Block: Tower shield      |       |       |       |       |   758 |   510 ||  1268

Table legend: (Time is in decaauts)
 A = Elapsed time spent in this place.
 B = Non-inter-level travel time spent in this place.
 C = Inter-level travel time spent in this place.
 D = Time resting spent in this place.
 E = Time spent auto-exploring this place.
 F = Levels seen in this place.
 G = Mean time per level.
                   A        B        C        D        E       F      G
               +--------+--------+--------+--------+--------+-----+--------+
         Total |  39110 |  37895 |   1215 |  12528 |  13440 |  27 | 1448.5 |
       Dungeon |  27148 |  26303 |    845 |   9600 |   9178 |  15 | 1809.9 |
        Temple |    104 |     65 |     39 |      0 |     58 |   1 |  104.0 |
          Lair |   6906 |   6628 |    278 |    903 |   3408 |   6 | 1151.0 |
     Snake Pit |     12 |     12 |      0 |      0 |      0 |   1 |   12.0 |
  Orcish Mines |   4234 |   4182 |     52 |   1891 |    645 |   2 | 2117.0 |
       Volcano |    682 |    682 |      0 |    134 |    151 |   1 |  682.0 |
         Arena |     21 |     21 |      0 |      0 |      0 |   1 |   21.0 |
               +--------+--------+--------+--------+--------+-----+--------+

Top non-repeatable levels by time:
    D:10: 4428 daAuts
   Orc:1: 3761 daAuts
     D:5: 2993 daAuts
     D:3: 2976 daAuts
     D:2: 2471 daAuts
     D:9: 2184 daAuts
  Lair:3: 1729 daAuts
  Lair:6: 1698 daAuts
    D:12: 1691 daAuts
     D:4: 1673 daAuts
    D:14: 1634 daAuts
    D:11: 1331 daAuts
     D:1: 1313 daAuts
  Lair:5: 1150 daAuts
    D:15: 1142 daAuts
